 Dungeon Crawl Stone Soup version 0.28-a0-861-ge64d6db94f (webtiles) character file.

Game seed: 10014244755972085276

166 ytrimaz the Chopper (level 5, 0/42 HPs)
             Began as a Demonspawn Berserker on Nov 15, 2021.
             Was a Believer of Trog.
             Splashed by a jelly's acid (3 damage)
             ... on level 4 of the Dungeon.
             The game lasted 00:03:09 (3401 turns).

ytrimaz the Chopper (Demonspawn Berserker)          Turns: 3401, Time: 00:03:09

Health: 0/42       AC:  7    Str: 18    XL:     5   Next: 22%
Magic:  5/5        EV:  5    Int:  8    God:    Trog [**....]
Gold:   145        SH:  0    Dex: 13    Spells: 4/4 levels left

rFire   . . .      SeeInvis .   a - +1 hand axe
rCold   . . .      Faith    .   (no shield)
rNeg    . . .      Spirit   .   k - +0 plate armour
rPois   .          Reflect  .   (no helmet)
rElec   .          Harm     .   g - +0 cloak
rCorr   .          Rampage  .   (no gloves)
Will    .....                   (no boots)
Stlth   ..........              (no amulet)
HPRegen 0.14/turn               c - +4 ring of protection
MPRegen 0.18/turn               (no ring)

@: corroded
A: hooves 2, magic regeneration
a: Renounce Religion, Berserk, Trog's Hand


You were on level 4 of the Dungeon.
You worshipped Trog.
Trog was pleased with you.
You visited 1 branch of the dungeon, and saw 4 of its levels.

You collected 145 gold pieces.

Inventory:

Hand Weapons
 a - a +1 hand axe (weapon)
Armour
 g - a +0 cloak (worn)
 k - a +0 plate armour (worn)
Jewellery
 c - a +4 ring of protection (left hand)
Scrolls
 f - a scroll of fog
 i - a scroll of enchant weapon
Potions
 d - 3 potions of curing {unknown}
 e - a potion of heal wounds {unknown}
 j - 2 potions of magic {unknown}
 m - a potion of lignification {unknown}


   Skills:
 + Level 4.0 Fighting
 + Level 4.8 Axes
 - Level 1.7 Armour
 - Level 1.7 Dodging


You had 4 spell levels left.
You didn't know any spells.
Your spell library was empty.

Dungeon Overview and Level Annotations

Branches:
Dungeon (4/15)
 Temple: D:4-7

Altars:
Elyvilon


Innate Abilities, Weirdness & Mutations

You have hoof-like feet.
You regenerate magic rapidly.


Message History

The jelly is moderately wounded.
The jelly barely misses you.
You completely miss the jelly. You kick the jelly, but do no damage.
The jelly is moderately wounded.
The jelly barely misses you.
You hit the jelly but do no damage. The acid corrodes you!
Your hands burn!
The jelly is moderately wounded.
The jelly hits you but does no damage.
You barely miss the jelly. You kick the jelly.
The jelly is moderately wounded.
The jelly hits you but does no damage.
You hit the jelly.
Your hands burn!
You kick the jelly, but do no damage.
The jelly is heavily wounded.
The jelly hits you but does no damage.
You hit the jelly.
Your hands burn!
The jelly is heavily wounded.
The jelly hits you but does no damage.
You hit the jelly but do no damage.
Your hands burn!
You kick the jelly, but do no damage.
The jelly is heavily wounded.
The jelly hits you but does no damage.
You hit the jelly.
Your hands burn!
Your kick misses the jelly.
The jelly is almost dead.
The jelly barely misses you.
You are too injured to fight recklessly!
You are too injured to fight recklessly!
You are too injured to fight recklessly!
Unknown command.
You are too injured to fight recklessly!
You are too injured to fight recklessly!
You hit the jelly.
Your hands burn!
The jelly is almost dead.
The jelly hits you.
You are splashed with acid!
* * * LOW HITPOINT WARNING * * *
You hit the jelly but do no damage.
Your hands burn!
* * * LOW HITPOINT WARNING * * *
The jelly is almost dead.
The jelly hits you but does no damage.
You hit the jelly but do no damage.
Your hands burn!
You die...

# #.#########
#..@)......
##..J....$.
...........
.....####.###
#..... #
######


You could see a jelly.

Vanquished Creatures
  A bullfrog (D:3)
  3 adders (D:2)
  2 worms
  2 dart slugs (D:1)
  6 orcs (D:3)
  6 ball pythons
  4 bats
  9 endoplasms
  2 giant cockroaches
  3 goblins
  2 hobgoblins
  3 quokkas
  3 frilled lizards
  4 kobolds
  4 rats
54 creatures vanquished.

Vanquished Creatures (others)
  A plant (D:4)
1 creature vanquished.

Grand Total: 55 creatures vanquished

Notes
Turn   | Place    | Note
-------+----------+-------------------------------------------
     0 | D:1      | ytrimaz the Demonspawn Berserker began the quest for the
                  | Orb.
     0 | D:1      | Reached XP level 1. HP: 18/18 MP: 1/1
   432 | D:1      | Gained mutation: You have large cloven feet. [demonic
                  | ancestry]
   432 | D:1      | Reached XP level 2. HP: 24/24 MP: 2/2
   959 | D:1      | Found a faded altar of an unknown god.
  1185 | D:2      | Gained mutation: You regenerate magic rapidly. [demonic
                  | ancestry]
  1185 | D:2      | Reached XP level 3. HP: 25/29 MP: 3/3
  1739 | D:2      | Reached XP level 4. HP: 37/37 MP: 4/4
  1740 | D:2      | Reached ** piety under Trog
  2996 | D:3      | Noticed a bullfrog
  3004 | D:3      | Killed a bullfrog
  3005 | D:3      | Gained mutation: You have hoof-like feet. [demonic
                  | ancestry]
  3005 | D:3      | Reached XP level 5. HP: 42/42 MP: 5/5
  3401 | D:4      | Splashed by a jelly's acid

Illustrated notes

Levels and vault maps discovered:
D:1:      kennysheep_arrival_forest, layout_loops_cross, basic_ecumenical_altar,
          minmay_misc_feat_x
D:2:      layout_loops_ring, basic_altar, minmay_statues_item
D:3:      layout_basic
D:4:      layout_loops_ring, chequers_temple_overflow_statue_of_worship,
          minmay_temple_entry_overgrown, gammafunk_ghost_smash, uniq_ijyb

Skill      XL: |  1  2  3  4 |
---------------+-------------+-----
Axes           | 3 4 |  4.8
Fighting       | 4 |  4.0
Armour         | |  1.7
Dodging        | |  1.7

Action                   |  1- 3 |  4- 6 || total
-------------------------+-------+-------++-------
Melee: Hand axe          |   107 |    66 ||   173
       Kick              |    14 |    25 ||    39
Invok: Berserk           |       |     3 ||     3
  Use: Scroll            |     1 |     4 ||     5
 Stab: Sleeping          |     5 |       ||     5
Armor: Animal skin       |    23 |       ||    23
       Plate armour      |       |    39 ||    39
Dodge: Dodged            |    74 |    19 ||    93

Table legend: (Time is in decaauts)
 A = Elapsed time spent in this place.
 B = Non-inter-level travel time spent in this place.
 C = Inter-level travel time spent in this place.
 D = Time resting spent in this place.
 E = Time spent auto-exploring this place.
 F = Levels seen in this place.
 G = Mean time per level.
                   A        B        C        D        E       F      G
               +--------+--------+--------+--------+--------+-----+--------+
         Total |   3449 |   3357 |     92 |    389 |   2513 |   4 |  862.2 |
       Dungeon |   3449 |   3357 |     92 |    389 |   2513 |   4 |  862.2 |
               +--------+--------+--------+--------+--------+-----+--------+

Top non-repeatable levels by time:
     D:3: 1467 daAuts
     D:1: 1154 daAuts
     D:2: 813 daAuts
     D:4: 13 daAuts
